 Dungeon Crawl Stone Soup version 0.18-a0-946-g3ac5b32 (webtiles) character file.

37594 Yawgmoth the Cruncher (level 13, 0/84 HPs)
             Began as a Gargoyle Earth Elementalist on Dec 29, 2015.
             Was the Champion of Vehumet.
             Slain by a death yak (9 damage)
             ... on level 6 of the Lair of Beasts.
             The game lasted 02:28:20 (22270 turns).

Yawgmoth the Cruncher (GrEE)                       Turns: 22270, Time: 02:28:24

Health: 0/84       AC: 31    Str: 12    XL:     13   Next: 97%
Magic:  7/26       EV: 11    Int: 25    God:    Vehumet [******]
Gold:   1042       SH:  0    Dex: 10    Spells: 6 memorised, 10 levels left

rFire  . . .     SeeInvis .     D - +6 quarterstaff (chaos)
rCold  . . .     Gourm    .     W - +0 mottled dragon armour
rNeg   + . .     Faith    .     (shield currently unavailable)
rPois  ∞         Spirit   .     V - +1 helmet
rElec  +         Dismiss  .     S - +2 cloak
rCorr  .         Reflect  .     k - +2 pair of gloves
SustAt .         Harm     .     N - +0 pair of boots
MR     .....                    n - amulet of rage
Stlth  ++........               R - +4 ring of intelligence
                                r - ring of wizardry

@: stone skin, not resistant to hostile enchantments, unstealthy
A: negative energy resistance 1, electricity resistance, unbreathing,
petrification resistance, rot immunity, AC +9
a: Renounce Religion, Evoke Berserk Rage


You were on level 6 of the Lair of Beasts.
You worshipped Vehumet.
Vehumet was exalted by your worship.
You were not hungry.

You visited 2 branches of the dungeon, and saw 17 of its levels.
You also visited: Labyrinth.

You collected 1106 gold pieces.
You spent 64 gold pieces at shops.

Inventory:

Hand Weapons
 D - a +6 quarterstaff of chaos (weapon)
Missiles
 b - 492 stones (quivered)
Armour
 h - a +1 robe of magic resistance
 k - a +2 pair of gloves (worn)
 l - the +15 Maxwell's patent armour {-Cast -Tele rElec MR+ rCorr}
   (You found it on level 8 of the Dungeon)

   It insulates you from electricity.
   It affects your resistance to hostile enchantments.
   It prevents spellcasting.
   It prevents most forms of teleportation.
   It protects you from acid and corrosion.
 q - a +2 robe
 N - a +0 pair of boots (worn)
 S - a +2 cloak (worn)
 V - a +1 helmet (worn)
 W - a +0 mottled dragon armour (worn)
Magical Staves
 g - an uncursed staff of cold
 Y - an uncursed staff of summoning
Rods
 U - a +8 rod of ignition (14/14)
   (You found it in a labyrinth)
Jewellery
 n - an amulet of rage (around neck)
 r - a ring of wizardry (left hand)
 R - a +4 ring of intelligence (right hand)
Wands
 w - a wand of frost (25/48)
 B - a wand of fire (8/15)
 E - a wand of random effects (30/48)
 G - a wand of confusion (24/48)
 J - a wand of draining (4/15)
 Q - a wand of flame (23/48)
 T - a wand of flame (38/48)
Scrolls
 a - 2 scrolls of magic mapping
 c - 2 scrolls of amnesia {unknown}
 e - a scroll of remove curse
 i - a scroll of fog {unknown}
 x - a scroll of silence {unknown}
 H - a scroll of identify
 P - a scroll of fear
 Z - a scroll of teleportation
Potions
 j - 3 potions of curing
 u - a potion of resistance
 A - a potion of might
 F - 3 potions of flight
 I - 3 potions of agility
 M - a potion of degeneration {unknown}
Books
 p - the Guide on Stones
   (You found it on level 4 of the Lair of Beasts)

   Spells                             Type                      Level
   a - Sandblast                      Earth                        1
   b - Stoneskin                      Transmutation/Earth          2
   c - Shatter                        Earth                        9
 v - a book of Party Tricks

   Spells                             Type                      Level
   a - Summon Butterflies             Summoning                    1
   b - Apportation                    Translocation                1
   c - Tukima's Dance                 Hexes                        3
   d - Alistair's Intoxication        Transmutation/Poison         4
   e - Invisibility                   Hexes                        6
 y - a book of Frost

   Spells                             Type                      Level
   a - Freeze                         Ice                          1
   b - Throw Frost                    Conjuration/Ice              2
   c - Ozocubu's Armour               Charms/Ice                   3
   d - Throw Icicle                   Conjuration/Ice              4
   e - Summon Ice Beast               Ice/Summoning                4
   f - Condensation Shield            Ice                          4
 X - a book of Party Tricks

   Spells                             Type                      Level
   a - Summon Butterflies             Summoning                    1
   b - Apportation                    Translocation                1
   c - Tukima's Dance                 Hexes                        3
   d - Alistair's Intoxication        Transmutation/Poison         4
   e - Invisibility                   Hexes                        6
Miscellaneous
 t - a lamp of fire
 K - a piece from Xom's chessboard
Comestibles
 d - 8 bread rations
 f - 5 fruits
 s - 14 royal jellies
 z - 2 slices of pizza
 C - 10 chunks of flesh
 O - 8 meat rations


   Skills:
 - Level 11.0 Fighting
 + Level 12.9 Staves
 - Level 7.1 Armour
 - Level 1.5 Dodging
 - Level 2.1 Stealth
 - Level 9.6 Spellcasting
 - Level 6.7 Conjurations
 - Level 0.7 Transmutations
 - Level 12.4 Earth Magic
 - Level 2.0 Evocations


You had 10 spell levels left.
You knew the following spells:

 Your Spells              Type           Power        Failure   Level  Hunger
a - Sandblast             Erth           ######       1%          1    None
b - Stoneskin             Trmt/Erth      #####...     1%          2    None
c - Stone Arrow           Conj/Erth      ######       1%          3    None
d - Lee's Rapid Deconstr  Erth           ######....   1%          5    ####...
e - Shatter               Erth           ######....   99%         9    #######
f - Summon Butterflies    Summ           ##......     4%          1    None


Dungeon Overview and Level Annotations

Branches:
Dungeon (11/15)            Temple (0/1) D:5            Lair (6/8) D:10
  Swamp (0/4) Lair:3       Spider (0/4) Lair:6        Slime (0/6) Lair:6
    Orc (0/2) D:9

Altars:
Ashenzari
Gozag
Pakellas
Vehumet
Xom
Zin

Shops:
D:6 }   D:9 ?

Annotations:
D:11 Duffy's ghost, journeyman HOMo


Innate Abilities, Weirdness & Mutations

You are resistant to torment.
Your stone body is resilient (AC +9).
You are immune to poison.
You resist negative energy.
You are resistant to electric shocks.
You can survive without breathing.
You are immune to petrification.
You are immune to rotting.


Message History

Unknown command.
Save game and exit?
Welcome back, Yawgmoth the Gargoyle Earth Elementalist.
Vehumet says: Let it end in hellfire!
Press ? for a list of commands and other information.
Unknown command.
The death yak misses you. The death yak gores you!
* * * LOW HITPOINT WARNING * * *
Cast which spell? (? or * to list)
Aiming: Lee's Rapid Deconstruction
Press: ? - help, Dir - move target cursor The metal wall shatters!
The blast of metal fragments hits the death yak.
The death yak is severely wounded.
The blast of metal fragments hits the death yak.
The death yak is moderately wounded.
You hear a bellow! x3
The death yak gores you!
You die...

#...##[.#.#..####...#..#.
*#.......................
####..#.##..#.....P........
#.##.#.......#÷....P..#.#..
##...##......#.....PP....#.
###.#.......#....PPP......
#..........P.............
###.......Y.......##......
#...#....@Y.......PP......
##...#.....#..............
#.#^.#...####.........#...
###%....^.####......###.J.
#....^..#.#.^#......#....
##.........##.#..........
##..#.....#............>.
##....#..#>#^###..........
#.#..#..#.#..#.#....##....


You could see 2 death yaks.

Vanquished Creatures
  A minotaur (Lab)
  Snorg (Lair:5)
  Josephine (Lair:6)
  2 hydras (Lair:4)
  Erolcha (D:8)
  Fannar (Lair:3)
  The ghost of Voda the Grappler, a novice TrBe of Trog (Lair:1)
  The ghost of PinkishYellow the Grappler, a novice TrMo of Dithmenos (D:9)
  A catoblepas (Lair:3)
  Erica (Lair:1)
  A queen ant (Lair:3)
  Sonja (Lair:3)
  Joseph (D:8)
  4 elephants (Lair:6)
  9 spiny frogs
  3 komodo dragons (Lair:6)
  2 fire drakes (Lair:4)
  A queen bee (Lair:2)
  A polar bear (Lair:4)
  A jumping spider (Lair:6)
  A two-headed ogre (D:10)
  A blink frog (Lair:4)
  2 slime creatures (Lair:6)
  A trapdoor spider zombie (D:10)
  A spriggan (D:8)
  3 wraiths (Lair:6)
  22 yaks
  5 hippogriffs
  16 wolves
  16 porcupines
  2 hungry ghosts
  14 swamp worms (Lair:6)
  13 water moccasins
  5 soldier ants (Lair:3)
  6 orc warriors
  6 sky beasts
  3 ice beasts
  A wasp (Lair:4)
  12 crocodiles
  4 centaurs
  A phantom (D:6)
  7 ogres
  A big kobold (D:9)
  11 giant frogs
  7 scorpions
  A water moccasin skeleton (D:7)
  26 killer bees
  An electric eel (Lair:4)
  2 jellies (Lair:6)
  2 crimson imps
  6 orc wizards
  Crazy Yiuf (D:2)
  5 hounds
  7 orc priests
  2 centaur skeletons (D:8)
  9 iguanas
  Jessica (D:3)
  39 worker ants
  Ijyb (D:2)
  Natasha (thrice) (D:2)
  A killer bee zombie (D:10)
  15 sheep
  Robin (D:2)
  A worker ant zombie (D:7)
  89 river rats
  19 adders
  2 shadow imps
  An adder zombie (D:9)
  3 oozes
  2 adder skeletons
  9 worms
  3 giant geckos
  42 orcs
  17 goblins
  9 hobgoblins
  9 jackals
  8 quokkas
  2 ball pythons
  6 bats
  9 giant cockroaches
  3 giant newts
  13 kobolds
  A quokka skeleton (D:8)
  A quokka zombie (D:7)
  13 rats
  A fungus (Lair:6)
582 creatures vanquished.

Vanquished Creatures (collateral kills)
  A hippogriff (Lair:5)
1 creature vanquished.

Vanquished Creatures (others)
  A crocodile (Lair:6)
  A river rat (Lair:1)
  19 fungi
  12 plants
33 creatures vanquished.

Grand Total: 616 creatures vanquished

Notes
Turn   | Place    | Note
--------------------------------------------------------------
     0 | D:1      | Yawgmoth the Gargoyle Earth Elementalist began the quest for the Orb.
     0 | D:1      | Reached XP level 1. HP: 10/10 MP: 3/3
   273 | D:1      | Reached XP level 2. HP: 16/16 MP: 0/5
   347 | D:1      | Reached skill level 4 in Earth Magic
   419 | D:1      | Reached skill level 1 in Fighting
   496 | D:1      | Reached XP level 3. HP: 13/20 MP: 6/6
  1185 | D:2      | Noticed Natasha
  1190 | D:2      | Killed Natasha
  1190 | D:2      | Reached XP level 4. HP: 21/26 MP: 4/8
  1285 | D:2      | Reached skill level 1 in Evocations
  1515 | D:2      | Noticed Robin
  1543 | D:2      | Killed Robin
  1573 | D:2      | Noticed Natasha
  1580 | D:2      | Killed Natasha
  1580 | D:2      | Reached XP level 5. HP: 30/30 MP: 1/9
  1677 | D:2      | Noticed Ijyb
  1687 | D:2      | Killed Ijyb
  1687 | D:2      | Reached skill level 5 in Earth Magic
  1943 | D:2      | Found an oddly glowing altar of Pakellas.
  1954 | D:2      | Noticed Natasha
  1959 | D:2      | Killed Natasha
  2042 | D:2      | Noticed Crazy Yiuf
  2050 | D:2      | Killed Crazy Yiuf
  2050 | D:2      | Reached XP level 6. HP: 30/36 MP: 5/11
  2446 | D:3      | Noticed Jessica
  2460 | D:3      | Killed Jessica
  2563 | D:3      | Learned a level 2 spell: Stoneskin
  2567 | D:3      | Learned a level 3 spell: Stone Arrow
  2573 | D:3      | Learned a level 5 spell: Lee's Rapid Deconstruction
  2921 | D:3      | Found a radiant altar of Vehumet.
  2927 | D:3      | Became a worshipper of Vehumet
  2994 | D:4      | Reached skill level 6 in Earth Magic
  3365 | D:4      | Found a glowing silver altar of Zin.
  3839 | D:4      | Reached XP level 7. HP: 30/40 MP: 12/12
  3882 | D:5      | Entered Level 5 of the Dungeon
  3885 | D:5      | Reached skill level 1 in Staves
  4209 | D:5      | Reached skill level 7 in Earth Magic
  4332 | D:5      | Reached skill level 1 in Armour
  4437 | D:5      | Reached * piety under Vehumet
  4437 | D:5      | Offered knowledge of Shock by Vehumet.
  4444 | D:5      | Found a staircase to the Ecumenical Temple.
  4492 | D:5      | Reached XP level 8. HP: 44/48 MP: 14/14
  4844 | D:6      | Found an opulent altar of Gozag.
  5658 | D:6      | Reached skill level 5 in Fighting
  5853 | D:6      | Found Affy's Gadget Emporium.
  5880 | D:6      | Got a crystal rapier
  5890 | D:6      | Identified the +8 rapier "Papesy" {elec, Int+3} (You found it on level 6 of the Dungeon)
  6265 | D:7      | Reached skill level 8 in Earth Magic
  6488 | D:7      | Reached skill level 5 in Spellcasting
  6488 | D:7      | Reached XP level 9. HP: 48/54 MP: 8/16
  7332 | D:7      | Reached ** piety under Vehumet
  7513 | D:7      | Offered knowledge of Sting by Vehumet.
  7778 | D:8      | Noticed Joseph
  8056 | D:8      | Reached skill level 5 in Armour
  8263 | D:8      | Reached skill level 1 in Conjurations
  8268 | D:8      | Reached skill level 9 in Earth Magic
  8290 | D:8      | Found a shimmering altar of Xom.
  8412 | D:8      | Killed Joseph
  8412 | D:8      | Reached skill level 5 in Staves
  8412 | D:8      | Reached XP level 10. HP: 57/61 MP: 5/19
  8437 | D:7      | Offered knowledge of Conjure Flame by Vehumet.
  8609 | D:7      | Learned a level 9 spell: Shatter
  8682 | D:8      | Found a shattered altar of Ashenzari.
  8693 | D:8      | Noticed Erolcha
  8913 | D:8      | Killed Erolcha
  9105 | D:9      | Found Sento's Magic Scroll Shop.
  9110 | D:9      | Bought a scroll of identify for 32 gold pieces
  9110 | D:9      | Bought a scroll of identify for 32 gold pieces
  9151 | D:9      | Reached *** piety under Vehumet
  9761 | D:9      | Found a staircase to the Orcish Mines.
  9778 | D:9      | Offered knowledge of Fulminant Prism by Vehumet.
  9939 | D:9      | Noticed PinkishYellow's ghost (novice TrMo)
  9945 | D:9      | Reached skill level 10 in Earth Magic
  9966 | D:9      | Killed PinkishYellow's ghost
 10323 | D:9      | Reached XP level 11. HP: 68/68 MP: 21/21
 10664 | D:10     | Entered Level 10 of the Dungeon
 10815 | D:10     | Reached skill level 5 in Conjurations
 10840 | D:10     | Found a staircase to the Lair.
 11199 | D:10     | Reached **** piety under Vehumet
 11284 | D:10     | Offered knowledge of Iskenderun's Mystic Blast by Vehumet.
 12359 | D:11     | Noticed Duffy's ghost (journeyman HOMo)
 12385 | Lair:1   | Entered Level 1 of the Lair of Beasts
 12496 | Lair:1   | Noticed Erica
 12514 | Lair:1   | Killed Erica
 12854 | Lair:1   | Noticed Voda's ghost (novice TrBe)
 12903 | Lair:1   | Killed Voda's ghost
 13183 | Lair:1   | Reached skill level 11 in Earth Magic
 13717 | Lair:2   | Reached ***** piety under Vehumet
 13727 | Lair:2   | Offered knowledge of Poisonous Cloud by Vehumet.
 13895 | Lair:2   | Got a smoking rapier
 13947 | Lair:2   | Reached XP level 12. HP: 70/76 MP: 24/24
 14799 | Lair:1   | Identified the cursed +1 rapier "Pojemah" {freeze, rPois rC+ rN+ Int-3} (You found it on level 2 of the Lair of Beasts)
 15226 | Lair:3   | Found a staircase to the Swamp.
 15524 | Lair:3   | Noticed a queen ant
 15566 | Lair:3   | Reached skill level 10 in Fighting
 15588 | Lair:3   | Noticed a catoblepas
 15591 | Lair:3   | Noticed Fannar
 15604 | Lair:3   | Killed Fannar
 15864 | Lair:3   | Killed a catoblepas
 16132 | Lair:3   | Reached skill level 12 in Earth Magic
 16163 | Lair:3   | Killed a queen ant
 16346 | Lair:3   | Offered knowledge of Iskenderun's Battlesphere by Vehumet.
 16547 | Lair:3   | Noticed Sonja
 16557 | Lair:3   | Killed Sonja
 17120 | Lair:4   | Reached XP level 13. HP: 84/84 MP: 26/26
 17784 | Lair:4   | Identified the Guide on Stones (You found it on level 4 of the Lair of Beasts)
 17969 | Lair:4   | Learned a level 1 spell: Summon Butterflies
 18270 | Lair:4   | Reached skill level 10 in Staves
 18783 | Lair:5   | Noticed Snorg
 18849 | Lair:5   | Killed Snorg
 19709 | Lair:6   | Noticed Josephine
 19720 | Lair:6   | Found a staircase to the Slime Pits.
 19739 | Lair:6   | Found a hole to the Spider Nest.
 19768 | Lair:6   | Found a labyrinth entrance.
 19777 | Lab      | Entered a labyrinth
 20820 | Lab      | Noticed a minotaur
 20825 | Lab      | Killed a minotaur
 20832 | Lab      | Got a warped leather armour
 20853 | Lab      | Identified the +1 leather armour of the End {rPois Str-5 Dex+7} (You found it in a labyrinth)
 20853 | Lab      | Identified a +8 rod of ignition (14/14) (You found it in a labyrinth)
 21177 | Lair:6   | Killed Josephine
 21756 | Lair:6   | Reached ****** piety under Vehumet
 22115 | Lair:6   | Offered knowledge of Lightning Bolt by Vehumet.
 22270 | Lair:6   | Slain by a death yak

Vault maps used:
D:1:      minmay_arrival_wavy_path
D:2:      lemuel_crystal_altar, first_bread, uniq_crazy_yiuf_cottage, uniq_iyjb,
          uniq_robin, uniq_natasha
D:3:      vehumet_crystals, uniq_jessica
D:4:      zin_treasury
D:5:      temple_fountains
D:6:      serial_shops, shop, nicolae_gozag_seed_capital
D:8:      ashenzari_conservatory_becter, basic_altar, grunt_pizzeria,
          uniq_joseph, uniq_erolcha
D:9:      david_orc_3, serial_shops, kennysheep_little_box
D:10:     minmay_lair_entry_grove, serial_corexii_hall,
          corexii_hall_statues_deadend, corexii_hall_statues_deadend,
          nicolae_twisting_strands
D:11:     tso_altar
Lair:1:   uniq_erica
Lair:2:   special_room
Lair:3:   swamp_mist, zaba_antful_of_joy, uniq_sonja, uniq_fannar
Lair:4:   statuecave_lemuel, st_stairs_13, eino_small_chamber_without_monster
Lair:5:   uniq_snorg
Lair:6:   spider_nest_entry_rubble, minmay_slime_entry_pillars,
          lab_entry_generic, worms_lemuel, grunt_megastairs_3, uniq_josephine
Lab:      labyrinth_hidden_loot, nicolae_lab_starburst

Action                   |  1- 3 |  4- 6 |  7- 9 | 10-12 | 13-15 || total
-------------------------+-------+-------+-------+-------+-------++-------
Melee: Unarmed           |     6 |       |       |       |       ||     6
       Short sword       |    51 |    48 |       |       |       ||    99
       Quarterstaff      |       |   123 |   297 |  1063 |   437 ||  1920
       Staff             |       |       |       |    15 |       ||    15
Throw: Throwing net      |       |       |     3 |       |       ||     3
       Stone             |       |       |       |     3 |       ||     3
 Cast: Sandblast         |    15 |    23 |     8 |     1 |       ||    47
       Stone Arrow       |       |       |    25 |    42 |    83 ||   150
       Stoneskin         |       |       |     6 |     4 |    11 ||    21
       Lee's Rapid Decon |       |       |     7 |    11 |    17 ||    35
 Abil: Evoke Berserk Rag |       |       |     1 |     4 |       ||     5
Evoke: Wand              |       |       |     1 |       |       ||     1
  Use: Scroll            |       |     2 |     9 |    16 |     2 ||    29
       Potion            |       |       |     4 |    10 |     5 ||    19
 Stab: Sleeping          |     1 |     8 |     5 |     1 |       ||    15
       Confused          |       |       |     4 |     2 |     1 ||     7
       Paralysed         |       |       |     3 |     9 |     6 ||    18
       Petrifying        |       |       |       |     3 |     2 ||     5
       Petrified         |       |       |       |     1 |       ||     1
       Distracted        |       |       |       |       |     1 ||     1
  Eat: Chunk             |     1 |     9 |    22 |    29 |    13 ||    74
       Bread ration      |       |       |     1 |       |     1 ||     2
       Fruit             |       |       |     1 |       |       ||     1
       Pizza             |       |       |       |     5 |     1 ||     6
       Beef jerky        |       |       |       |       |     1 ||     1
